[Event "Team 45 45 League T65"]
[Site "Internet Chess Club"]
[Date "2015.06.27"]
[Round "4"]
[White "modiglani"]
[Black "no3"]
[Result "1/2-1/2"]
[WhiteElo "1955"]
[BlackElo "1615"]
[Opening "Réti: King's Indian attack"]
[ECO "A08"]
[Time "13:00:36"]
[TimeControl "2700+45"]

1. Nf3 d5 2. g3 c5 3. Bg2 Nc6 4. O-O e5 5. d3 Nf6 6. Nbd2 Be7 7. e4 dxe4 8. dxe4
Bg4 9. h3 Bh5 10. c3 Qc7 11. Qc2 O-O 12. Re1 Rad8 13. Nc4 b5 14. Ne3 Bg6 15. Nh4
Rfe8 16. Nxg6 hxg6 17. Nd5 Nxd5 18. exd5 Nb8 19. a4 a6 20. axb5 axb5 21. Qe2 Bd6
22. Qxb5 Nd7 23. Qa5 Qb7 24. Qa6 Qb8 25. Be3 f5 26. Bg5 Nf6 27. Reb1 f4 28. b4
Qc7 29. b5 fxg3 30. fxg3 c4 31. Qc6 e4 32. Bxf6 gxf6 33. b6 Qb8 34. b7 Bxg3 35.
Ra8 Qf4 36. b8=Q Rxb8 37. Raxb8 Rxb8 38. Qe6+ Kg7 39. Rf1 Qe3+ 40. Kh1 Be5 41.
Qg4 f5 42. Rxf5 Rb1+ 43. Rf1 Qd3 44. Qd7+ Kh6 45. Qf7 Rxf1+ 46. Bxf1 Qg3 47.
Qf8+ Bg7 48. Qf7 Qxc3 49. Qf4+ Kh7 50. Qh4+ Bh6 51. Qe7+ Bg7 52. Qh4+ Bh6 53.
Qxe4 Qg3 54. Qe7+ Bg7 55. d6 Qf3+ 56. Bg2 Qd1+ 57. Kh2 Qc1 58. d7 Qf4+ 59. Kg1
Qd4+ 60. Kh1 Qa1+ 61. Kh2 Qe5+ 62. Qxe5 Bxe5+ 63. Kg1 Bf6 64. Kf2 c3 65. Ke2 Kg7
66. Kd3 Kf7 {Game drawn by mutual agreement} 1/2-1/2

[Event "Team 45 45 League T65"]
[Site "Internet Chess Club"]
[Date "2015.06.25"]
[Round "4"]
[White "XGG123"]
[Black "LiangLiang"]
[Result "1-0"]
[WhiteElo "1283"]
[BlackElo "1897"]
[Opening "Sicilian: Najdorf, 7...Be7"]
[ECO "B98"]
[Time "23:00:14"]
[TimeControl "2700+45"]

1. e4 c5 2. Nf3 d6 3. d4 cxd4 4. Nxd4 Nf6 5. Nc3 a6 6. Bg5 e6 7. f4 Be7 8. Qf3
Nbd7 9. O-O-O b5 10. Nc6 Qb6 11. Nxe7 Kxe7 12. e5 Bb7 13. exd6+ Ke8 14. Qg3 Nd5
15. Nxd5 Bxd5 16. Rxd5 exd5 17. Qe1+ Kf8 18. Qe7+ Kg8 19. Qxd7 Qe3+ 20. Kd1 h6
21. Bh4 Qxf4 22. Bg3 Qd4+ 23. Kc1 Qe3+ 24. Kd1 Qe8 25. Qxe8+ Rxe8 26. Bd3 g6 27.
Re1 Kg7 28. Be5+ f6 29. Bg3 Kf7 30. b3 Rxe1+ 31. Kxe1 d4 32. a4 bxa4 33. bxa4 h5
34. Bxa6 h4 35. Bc4+ Ke8 36. Bb5+ Kd8 37. Bf2 h3 38. g3 Kc8 39. Bxd4 Rd8 40. d7+
Rxd7 41. Bxd7+ Kxd7 42. Bxf6 {Black resigns} 1-0

[Event "Team 45 45 League T65"]
[Site "Internet Chess Club"]
[Date "2015.06.26"]
[Round "4"]
[White "hood"]
[Black "room-matt"]
[Result "1-0"]
[WhiteElo "2046"]
[BlackElo "1894"]
[Opening "Ruy Lopez: Schliemann defense, Berger variation"]
[ECO "C63"]
[Time "15:37:16"]
[TimeControl "2700+45"]

1. e4 e5 2. Nf3 Nc6 3. Bb5 f5 4. Nc3 fxe4 5. Nxe4 d5 6. Nxe5 dxe4 7. Nxc6 Qg5 8.
Qe2 Nf6 9. Nxa7+ Bd7 10. Bxd7+ Nxd7 11. f4 Qf5 12. Nb5 O-O-O 13. O-O Qc5+ 14.
Kh1 Qxc2 15. Nc3 Nf6 16. Re1 Bc5 17. a4 Rhe8 18. Qb5 Bf2 19. Rf1 e3 20. dxe3
Bxe3 21. Bxe3 Rxe3 22. a5 Qd3 23. Qg5 Rd7 24. Rad1 Qc4 25. Kg1 Red3 26. Rxd3
Qxd3 27. Qc5 Qd4+ 28. Qxd4 Rxd4 29. g3 Rd2 30. Rf2 Rd3 31. Re2 Kd7 32. Kg2 c6
33. h3 Kd6 34. f5 Kd7 35. Na4 Kd6 36. Re6+ Kd5 37. Re7 Rd2+ 38. Kg1 Rd1+ 39. Kf2
Ra1 40. Nc3+ Kd6 41. Rxg7 Rxa5 42. g4 b6 43. Ke3 Re5+ 44. Kf4 Re7 45. Rxe7 Kxe7
46. g5 Nd7 47. Ne4 c5 48. b3 b5 49. h4 c4 50. bxc4 bxc4 51. h5 Nf8 52. Ke5 Kd7
53. g6 hxg6 54. hxg6 {Black resigns} 1-0

[Event "Team 45 45 League T65"]
[Site "Internet Chess Club"]
[Date "2015.06.26"]
[Round "4"]
[White "Goli"]
[Black "SAC2001"]
[Result "1-0"]
[WhiteElo "1726"]
[BlackElo "1772"]
[Opening "Ruy Lopez: exchange variation, Alapin gambit"]
[ECO "C68"]
[Time "17:00:34"]
[TimeControl "2700+45"]

1. e4 e5 2. Nf3 Nc6 3. Bb5 a6 4. Bxc6 dxc6 5. O-O Bg4 6. h3 h5 7. d3 Qf6 8. Nbd2
Ne7 9. Qe1 Ng6 10. Nh2 Be6 11. b3 Bc5 12. Nhf3 Nf4 13. Nc4 Qg6 14. Bxf4 exf4 15.
Nce5 Qh6 16. d4 Bb6 17. c4 f6 18. Nd3 O-O-O 19. d5 Bd7 20. Qc1 g5 21. e5 g4 22.
Nh4 Qg5 23. Nxf4 Qxh4 24. Ng6 Qg5 25. Qxg5 fxg5 26. Nxh8 Rxh8 27. e6 Be8 28.
hxg4 hxg4 29. g3 cxd5 30. cxd5 Bc5 31. Kg2 c6 32. Rac1 Ba3 33. Rc4 Kb8 34. Rxg4
Be7 35. d6 Bxd6 36. Rxg5 c5 37. f3 Bb5 38. Rd1 Be7 39. Rg7 Re8 40. Rd7 Bxd7 41.
exd7 Rd8 42. Rxe7 Kc7 43. g4 Kd6 44. Rh7 b5 45. Kf2 c4 46. bxc4 bxc4 47. Ke3 Kc5
48. g5 Kb4 49. Kd2 Ka3 50. Kc3 {Black resigns} 1-0

[Event "Team 45 45 League T65"]
[Site "Internet Chess Club"]
[Date "2015.06.27"]
[Round "4"]
[White "Duguesclin"]
[Black "FosterChess"]
[Result "1-0"]
[WhiteElo "1674"]
[BlackElo "1459"]
[Opening "Grünfeld: 5.e3"]
[ECO "D94"]
[Time "13:00:37"]
[TimeControl "2700+45"]

1. d4 Nf6 2. c4 g6 3. Nc3 d5 4. Nf3 Bg7 5. e3 O-O 6. b3 c6 7. Bd3 dxc4 8. bxc4
Bg4 9. O-O Qd7 10. Be2 Qf5 11. Ba3 Re8 12. Qb3 b6 13. c5 h5 14. h3 Bxh3 15. gxh3
Qxh3 16. Ng5 Ng4 17. Nxh3 {Black resigns} 1-0

[Event "Team 45 45 League T65"]
[Site "Internet Chess Club"]
[Date "2015.06.30"]
[Round "4"]
[White "SaltofLife"]
[Black "lacibacsi"]
[Result "0-1"]
[WhiteElo "1869"]
[BlackElo "2077"]
[Opening "King's Indian: Torre attack"]
[ECO "A48"]
[Time "14:34:48"]
[TimeControl "2700+45"]

1. d4 Nf6 2. Nf3 g6 3. Bg5 Bg7 4. Nbd2 O-O 5. c3 d6 6. e4 c5 7. d5 h6 8. Be3 e6
9. dxe6 Bxe6 10. Bd3 Nc6 11. O-O a6 12. a4 Ng4 13. Bf4 Nge5 14. Be2 Qb6 15. Qc2
Rad8 16. Nxe5 Nxe5 17. Bxe5 dxe5 18. Nc4 Qc6 19. a5 Rd7 20. Rfd1 Rfd8 21. Rxd7
Rxd7 22. Nb6 Rd6 23. Bc4 Qe8 24. Rd1 Rxb6 25. axb6 Bxc4 26. Qd2 Qc6 27. Qd8+ Kh7
28. f3 Be6 29. h3 Qa4 30. Rd6 Qa1+ 31. Kh2 Qxb2 32. Rxe6 fxe6 33. Qc7 a5 34.
Qxb7 a4 35. Qa7 a3 36. b7 a2 37. h4 a1=Q 38. b8=Q Qxb8 39. Qxb8 Qxc3 40. h5 gxh5
41. Qe8 Qe3 42. Qxe6 Qf4+ 43. Kg1 h4 44. Kf2 Qg3+ 45. Kf1 Qg5 46. Qc4 Qe3 47.
Qe6 Qc1+ 48. Ke2 Qc2+ 49. Kf1 Qd1+ 50. Kf2 Qd2+ 51. Kf1 Qg5 52. Kf2 Qf6 53. Qd5
Qb6 54. Qf7 c4+ 55. Kf1 Qc6 56. Ke1 c3 57. Kd1 Qa4+ 58. Ke2 Qc2+ 59. Kf1 Qd1+
60. Kf2 Qd2+ 61. Kf1 Qf4 {White resigns} 0-1

[Event "Team 45 45 League T65"]
[Site "Internet Chess Club"]
[Date "2015.06.28"]
[Round "4"]
[White "Tobiasdelmonte"]
[Black "fledermaus"]
[Result "1/2-1/2"]
[WhiteElo "1778"]
[BlackElo "1941"]
[Opening "Queen's bishop game"]
[ECO "D02"]
[Time "09:14:50"]
[TimeControl "2700+45"]

1. d4 d5 2. Nf3 Nf6 3. Bf4 c5 4. e3 Nc6 5. c3 Qb6 6. Qb3 c4 7. Qxb6 axb6 8. Na3
Ra5 9. Bc7 Nd7 10. e4 e6 11. Nc2 Be7 12. exd5 exd5 13. Be2 Bd8 14. Bd6 Be7 15.
Bc7 Bd8 16. Bd6 Be7 17. Bc7 {Game drawn by repetition} 1/2-1/2

[Event "Team 45 45 League T65"]
[Site "Internet Chess Club"]
[Date "2015.06.29"]
[Round "4"]
[White "jonesey"]
[Black "JPSVI"]
[Result "0-1"]
[WhiteElo "1865"]
[BlackElo "1463"]
[Opening "English opening"]
[ECO "A13"]
[Time "15:03:23"]
[TimeControl "2700+45"]

1. c4 e6 2. Nc3 f5 3. g3 Nf6 4. Bg2 Be7 5. Nf3 O-O 6. O-O c6 7. d3 d6 8. Bd2 e5
9. b4 Nbd7 10. Qb3 Kh8 11. Ng5 Nb8 12. a4 h6 13. Nf3 Be6 14. b5 Qb6 15. Rfb1 c5
16. a5 Qc7 17. a6 e4 18. axb7 Qxb7 19. Nh4 Kh7 20. Nxf5 Bxf5 21. dxe4 Nxe4 22.
Qc2 Nxd2 23. Qxf5+ Rxf5 24. Bxb7 Nxb1 25. Nxb1 Rf7 26. Bxa8 Bf6 27. Ra3 g5 28.
Nc3 Bxc3 29. Rxc3 Nd7 30. Ra3 Nb6 31. Be4+ Kg7 32. Bd3 Kf6 33. e3 d5 34. cxd5
Ke5 35. e4 Rf3 36. Rb3 Kd4 37. Bc2 Rxb3 38. Bxb3 Kxe4 39. d6 Ke5 40. Kg2 Kxd6
41. Kf3 c4 42. Bc2 Kc5 43. Ke4 Nd5 44. f4 Nb4 45. fxg5 hxg5 46. Ba4 Nd5 47. h4
gxh4 48. gxh4 Nc3+ 49. Kf5 Nxa4 50. h5 c3 51. h6 c2 52. h7 c1=Q 53. h8=Q Kxb5
54. Qb8+ Ka6 55. Qd6+ Nb6 56. Ke4 Qg5 57. Qc7 Qg4+ 58. Kd3 Qd7+ {White resigns}
0-1

[Event "Team 45 45 League T65"]
[Site "Internet Chess Club"]
[Date "2015.06.29"]
[Round "4"]
[White "fireball"]
[Black "parrot9"]
[Result "1-0"]
[WhiteElo "1593"]
[BlackElo "1585"]
[Opening "Sicilian: Smith-Morra gambit"]
[ECO "B21"]
[Time "14:37:05"]
[TimeControl "2700+45"]

1. e4 c5 2. d4 cxd4 3. c3 Nf6 4. e5 Nd5 5. Qxd4 e6 6. f4 Nc6 7. Qe4 d6 8. Nf3
dxe5 9. fxe5 Bc5 10. Bg5 Qb6 11. b4 Bf2+ 12. Kd1 Bd7 13. a4 a6 14. a5 Qc7 15.
Bc4 h6 16. Bd2 O-O-O 17. b5 axb5 18. Bxb5 Nxa5 19. c4 Bxb5 20. cxb5 Nc3+ 21.
Nxc3 Qxc3 22. Rc1 Qxc1+ 23. Kxc1 Nb3+ 24. Kc2 Nc5 25. Qe2 Bd4 26. Nxd4 Rxd4 27.
Bc3 Rd5 28. Rd1 Rxd1 29. Qxd1 Rd8 30. Qf3 Rd7 31. Ba5 Na4 32. Qa3 b6 33. Qxa4
{Black resigns} 1-0

[Event "Team 45 45 League T65"]
[Site "Internet Chess Club"]
[Date "2015.06.27"]
[Round "4"]
[White "TillyChess"]
[Black "searchforbobby1"]
[Result "1/2-1/2"]
[WhiteElo "2184"]
[BlackElo "2096"]
[Opening "Sicilian: closed"]
[ECO "B23"]
[Time "07:00:53"]
[TimeControl "2700+45"]

1. e4 c5 2. Nc3 a6 3. g3 b5 4. Bg2 Bb7 5. d3 e6 6. Nge2 Nf6 7. O-O d6 8. Bg5 Nc6
9. f4 b4 10. Nb1 Be7 11. Nd2 O-O 12. h3 Qc7 13. Nc4 Rad8 14. Qe1 d5 15. exd5
Nxd5 16. Bxe7 Ncxe7 17. Qf2 Nb6 18. Bxb7 Qxb7 19. Na5 Qc7 20. a3 Ned5 21. Nc1 c4
22. Nxc4 Nxc4 23. dxc4 Qxc4 24. Nd3 a5 25. Ne5 Qb5 26. axb4 axb4 27. Rfe1 Ra8
28. Rxa8 Rxa8 29. Qd4 Rc8 30. Qa7 Qe8 31. Qf2 Qa4 32. b3 Qa2 33. Nc4 Qa6 34. Qd4
Qc6 {Game drawn by mutual agreement} 1/2-1/2

[Event "Team 45 45 League T65"]
[Site "Internet Chess Club"]
[Date "2015.06.28"]
[Round "4"]
[White "Monterrey"]
[Black "modiglani"]
[Result "1/2-1/2"]
[WhiteElo "2018"]
[BlackElo "1958"]
[Opening "Modern defense"]
[ECO "A40"]
[Time "12:00:25"]
[TimeControl "2700+45"]

1. d4 g6 2. Nf3 Bg7 3. g3 d6 4. Bg2 Nd7 5. c4 c5 6. O-O Rb8 7. Nc3 Ngf6 8. d5
O-O 9. h3 Ne8 10. Qc2 Nc7 11. a4 Na6 12. Bf4 Nb4 13. Qd2 Re8 14. e4 b6 15. Rfe1
Ba6 16. Bf1 Bb7 17. Rac1 Rc8 18. h4 Ne5 19. Nxe5 dxe5 20. Bg5 Qd7 21. Kh2 f5 22.
exf5 gxf5 23. Bh3 e6 24. Rcd1 e4 25. dxe6 Qxe6 26. Qd7 Qxd7 27. Rxd7 Bc6 28.
Rxa7 Nd3 29. Re2 Nxb2 30. Nd5 {Game drawn by mutual agreement} 1/2-1/2

[Event "Team 45 45 League T65"]
[Site "Internet Chess Club"]
[Date "2015.06.24"]
[Round "4"]
[White "gera-carp75"]
[Black "chsrules88"]
[Result "1/2-1/2"]
[WhiteElo "1912"]
[BlackElo "2002"]
[Opening "Ruy Lopez: Schliemann defense, Berger variation"]
[ECO "C63"]
[Time "21:00:32"]
[TimeControl "2700+45"]

1. e4 e5 2. Nf3 Nc6 3. Bb5 f5 4. Nc3 fxe4 5. Nxe4 Nf6 6. Qe2 Qe7 7. Nxf6+ gxf6
8. O-O d5 9. d4 e4 10. Nh4 Bg7 11. Qh5+ Qf7 12. Bxc6+ bxc6 13. Qxf7+ Kxf7 14.
Bf4 f5 15. c3 Bf6 16. g3 Bxh4 17. gxh4 Ba6 18. Rfe1 Rab8 19. b3 Rhg8+ 20. Kh1
Rbc8 21. Re3 Rg4 22. Bg5 f4 23. Ree1 f3 24. Rg1 Rxg1+ 25. Rxg1 Bd3 26. Bf4 a5
27. h5 a4 28. b4 a3 29. h4 Bc4 30. h6 Rg8 31. Rxg8 Kxg8 32. Kg1 Kf7 33. Bc1 Kg6
34. Bxa3 Kh5 35. Bc1 Bxa2 36. Bg5 Bc4 37. Kh2 Kg4 38. Bd2 Kxh4 39. Bf4 Kg4 40.
Be3 Bb5 41. Bd2 Bd3 42. Be3 Bb5 43. Bd2 Ba6 44. Be3 Bf1 45. Bd2 Bc4 46. Be3 Be2
47. Bd2 e3 48. Bxe3 Kf5 49. Kg3 Ke4 50. Bf4 Kd3 51. Bxc7 Kxc3 52. Bb6 Kxb4 53.
Kf4 Kc3 54. Ke3 Kc2 55. Bc5 Kd1 56. Bb4 Kc2 57. Bc5 Kc3 58. Ba7 Kb4 59. Bc5+ Kb5
60. Ba7 Ka6 61. Bc5 Kb7 62. Kf4 Kc7 63. Ba7 Kd6 64. Bc5+ Ke6 65. Kg5 Bd1 66. Bb6
Kd7 67. Bc5 Ke6 68. Bb6 Kf7 69. Bc5 Bc2 70. Bb6 Bd1 71. Bc5 Ke6 72. Bb6 Kd7 73.
Bc5 Kc7 74. Ba7 Kb7 75. Bc5 Ka6 76. Kf4 Kb5 77. Ke3 Kc4 78. Ba7 Be2 79. Bc5 Kc3
80. Bb6 Kc2 81. Ba5 Kb3 82. Bb6 Ka4 83. Bc5 Bd1 84. Ba7 Kb5 85. Bc5 Kc4 86. Bb6
Be2 87. Bc5 Kc3 88. Bb6 Kb3 89. Bc5 Kc2 90. Bb4 Kb2 91. Bc5 Kb3 92. Bb6 Kb4 93.
Bc5+ Kb5 94. Ba7 Ka5 95. Bc5 Ka6 96. Kf4 Kb5 97. Ke3 Bd1 98. Kd2 Ba4 99. Kc3 Bd1
100. Kd2 Be2 101. Kc3 Bf1 102. Kd2 Kc4 {Game drawn by the 50 move rule} 1/2-1/2

[Event "Team 45 45 League T65"]
[Site "Internet Chess Club"]
[Date "2015.06.28"]
[Round "4"]
[White "fishhead"]
[Black "CaptK"]
[Result "0-1"]
[WhiteElo "1805"]
[BlackElo "1954"]
[Opening "French: Winawer, advance variation"]
[ECO "C18"]
[Time "12:00:32"]
[TimeControl "2700+45"]

1. e4 e6 2. d4 d5 3. Nc3 Bb4 4. e5 c5 5. a3 Bxc3+ 6. bxc3 Nc6 7. Qg4 Nge7 8.
Qxg7 Rg8 9. Qxh7 cxd4 10. Ne2 dxc3 11. f4 d4 12. Ng3 Rf8 13. Ne4 Nf5 14. Nf6+
Ke7 15. a4 a5 16. Ba3+ Nb4 17. Rb1 Qb6 18. Bb5 Qc5 19. O-O d3+ 20. Kh1 dxc2 21.
Rbc1 b6 22. Rf3 Bb7 23. Rd3 Nxd3 24. Bxc5+ Nxc5 25. Qh5 Rad8 26. Rxc2 Rh8 27.
Qg4 Rh4 28. h3 Rxg4 29. hxg4 Rd2 30. Rxc3 Rxg2 31. Rc4 Ng3# {White checkmated}
0-1

[Event "Team 45 45 League T65"]
[Site "Internet Chess Club"]
[Date "2015.06.30"]
[Round "4"]
[White "JJ12"]
[Black "imgr8"]
[Result "0-1"]
[WhiteElo "2054"]
[BlackElo "2208"]
[Opening "Sicilian: Alapin's variation (2.c3)"]
[ECO "B22"]
[Time "18:14:34"]
[TimeControl "2700+45"]

1. e4 c5 2. c3 Nf6 3. e5 Nd5 4. d4 cxd4 5. Nf3 Nc6 6. cxd4 d6 7. Bc4 Nb6 8. Bb5
dxe5 9. Nxe5 Bd7 10. Nxd7 Qxd7 11. O-O e6 12. Nc3 Be7 13. Qg4 O-O 14. Bh6 Qxd4
15. Qxd4 Nxd4 16. Be3 Nxb5 17. Nxb5 Nc4 18. Bxa7 Nxb2 19. Rab1 Nc4 20. Rfc1 Na3
21. Nxa3 Bxa3 22. Bc5 Bxc1 23. Bxf8 Kxf8 24. Rxc1 Rxa2 25. Kf1 Rb2 26. Rc8+ Ke7
27. Rc7+ Kf6 28. g3 g5 29. Kg2 h5 30. h3 b5 31. Rb7 g4 32. h4 b4 33. Rb5 Kg6 34.
Rg5+ Kh6 35. Rb5 b3 36. Rb6 Kg6 37. Rb8 e5 38. Rg8+ Kf5 39. Rg5+ Ke4 40. Rxh5
Rd2 41. Rh8 b2 42. Rb8 Kd3 43. h5 Kc2 44. Rc8+ Kd1 45. Rb8 Kc1 46. h6 b1=Q 47.
Rxb1+ Kxb1 {White resigns} 0-1

[Event "Team 45 45 League T65"]
[Site "Internet Chess Club"]
[Date "2015.06.28"]
[Round "4"]
[White "RickyWang"]
[Black "Logic"]
[Result "1-0"]
[WhiteElo "1868"]
[BlackElo "2010"]
[Opening "Sicilian: Sveshnikov variation"]
[ECO "B33"]
[Time "14:01:13"]
[TimeControl "2700+45"]

1. e4 c5 2. Nf3 Nc6 3. d4 cxd4 4. Nxd4 Nf6 5. Nc3 e5 6. Ndb5 d6 7. Bg5 a6 8. Na3
b5 9. Bxf6 gxf6 10. Nd5 f5 11. Bd3 Be6 12. O-O Bg7 13. Qh5 f4 14. c4 bxc4 15.
Bxc4 O-O 16. Rac1 Rb8 17. b3 Qa5 18. Nc2 Qxa2 19. Ncb4 Nxb4 20. Ne7+ Kh8 21.
Bxe6 fxe6 22. Ng6+ Kg8 23. Nxf8 Rxf8 24. Rc7 Kh8 25. Qg4 Rg8 26. Qxe6 h6 27. Rc8
Rf8 28. Rxf8+ Bxf8 29. Qf7 Bg7 30. Rc1 Nc2 31. Qf5 Qxb3 32. Qc8+ Kh7 33. Qxc2
Qe6 34. f3 h5 35. Qc8 Qg6 36. Qxa6 h4 37. h3 Qe6 38. Qc8 Qg6 39. Qg4 Qxg4 40.
hxg4 Kg6 41. Rc7 Kf6 42. Kh2 Bh6 43. Kh3 Bg5 44. Rc8 Ke6 45. Rh8 d5 46. exd5+
Kxd5 47. Rh5 Be7 48. g5 e4 49. g6+ Kd4 50. g7 e3 51. g8=Q e2 52. Qd5+ Kc3 53.
Re5 {Black resigns} 1-0

[Event "Team 45 45 League T65"]
[Site "Internet Chess Club"]
[Date "2015.06.26"]
[Round "4"]
[White "Gilligan"]
[Black "JasonModer"]
[Result "1-0"]
[WhiteElo "2038"]
[BlackElo "1858"]
[Opening "English: Sicilian reversed"]
[ECO "A25"]
[Time "14:00:10"]
[TimeControl "2700+45"]

1. c4 e5 2. Nc3 Nc6 3. g3 Bc5 4. Bg2 d6 5. e3 Nge7 6. Nge2 O-O 7. O-O Bg4 8. h3
Bh5 9. g4 Bg6 10. d4 exd4 11. exd4 Bb6 12. Be3 a6 13. Qd2 Qd7 14. f4 f6 15. d5
Nb4 16. Bxb6 cxb6 17. f5 Nxf5 18. gxf5 Bxf5 19. Nf4 Rfe8 20. Ne6 Bg6 21. Ne4 a5
22. Qf4 Nd3 23. Qxd6 Qxd6 24. Nxd6 Re7 25. b3 a4 26. bxa4 Ne5 27. a5 Rd7 28.
Nxb7 Rxb7 29. d6 Rab8 30. Bxb7 Rxb7 31. axb6 Nxc4 32. Nc5 Rxb6 33. d7 Rd6 34.
Rab1 Bxb1 35. Rxb1 Kf7 36. Rb8 Rd1+ 37. Kf2 Rd2+ 38. Ke1 Ke7 39. Re8+ Kf7 40.
Re4 Rd6 41. Rxc4 Ke7 42. Re4+ Kd8 43. Re8+ Kc7 44. a4 Rd5 45. a5 Rd6 46. a6 Rd5
47. d8=Q+ Rxd8 48. Rxd8 Kxd8 49. a7 Kc7 50. a8=Q {Black resigns} 1-0

[Event "Team 45 45 League T65"]
[Site "Internet Chess Club"]
[Date "2015.06.26"]
[Round "4"]
[White "alexkolay"]
[Black "LiangLiang"]
[Result "0-1"]
[WhiteElo "1744"]
[BlackElo "1889"]
[Opening "Grünfeld: exchange variation"]
[ECO "D85"]
[Time "16:00:34"]
[TimeControl "2700+45"]

1. d4 Nf6 2. c4 g6 3. Nc3 d5 4. cxd5 Nxd5 5. Bd2 Bg7 6. e4 Nxc3 7. Bxc3 c5 8. d5
Bxc3+ 9. bxc3 Nd7 10. Nf3 Nf6 11. Qc2 Qa5 12. Rc1 Bd7 13. Bd3 Rc8 14. Ne5 O-O
15. O-O Qc7 16. Nxd7 Nxd7 17. f4 c4 18. Be2 Nc5 19. e5 b5 20. Rf3 Qb6 21. Kh1 f5
22. Rcf1 Ne4 23. Qc1 Rfd8 24. Re3 Rxd5 25. Bf3 Rd3 26. Rxd3 cxd3 27. Bxe4 fxe4
28. Qd2 Qc5 29. Rc1 b4 30. c4 Rd8 31. h3 e3 32. Qd1 d2 33. Rc2 e2 34. Qxe2 d1=Q+
35. Qxd1 Rxd1+ 36. Kh2 Qe3 37. c5 Qxf4+ 38. g3 Qf1 39. g4 Qg1# {White
checkmated} 0-1

[Event "Team 45 45 League T65"]
[Site "Internet Chess Club"]
[Date "2015.06.28"]
[Round "4"]
[White "Epcot"]
[Black "Jack-ONeill"]
[Result "1/2-1/2"]
[WhiteElo "2143"]
[BlackElo "2068"]
[Opening "Queen's pawn: Yusupov-Rubinstein system"]
[ECO "A46"]
[Time "07:44:29"]
[TimeControl "2700+45"]

1. d4 Nf6 2. Nf3 e6 3. e3 c5 4. Bd3 b6 5. b3 Bb7 6. Nbd2 cxd4 7. exd4 Be7 8. Bb2
d6 9. O-O O-O 10. Qe2 Nbd7 11. Rfe1 Re8 12. Ng5 Bf8 13. c4 Rc8 14. Nde4 Nxe4 15.
Nxe4 d5 16. Ng3 Qh4 17. cxd5 Bxd5 18. Ne4 {Game drawn by mutual agreement}
1/2-1/2

[Event "Team 45 45 League T65"]
[Site "Internet Chess Club"]
[Date "2015.06.28"]
[Round "4"]
[White "Ptzz"]
[Black "LittleButton"]
[Result "1/2-1/2"]
[WhiteElo "2034"]
[BlackElo "1849"]
[Opening "QGD: Janowski variation"]
[ECO "D31"]
[Time "08:00:28"]
[TimeControl "2700+45"]

1. c4 e6 2. d4 d5 3. Nc3 a6 4. cxd5 exd5 5. Qc2 c6 6. Bf4 Bd6 7. Bxd6 Qxd6 8. e3
Ne7 9. Bd3 g6 10. Nf3 Bf5 11. Bxf5 Nxf5 12. O-O O-O 13. e4 dxe4 14. Nxe4 Qd8 15.
Rad1 a5 16. Qb3 Qe7 17. Nc5 Nxd4 18. Nxd4 Qxc5 19. Qxb7 Ra7 20. Qb3 Rd7 21. Nf3
Rfd8 22. Rxd7 Nxd7 23. Rd1 Rb8 24. Qc3 Qxc3 25. bxc3 Rb2 {Game drawn by mutual
agreement} 1/2-1/2

[Event "Team 45 45 League T65"]
[Site "Internet Chess Club"]
[Date "2015.06.29"]
[Round "4"]
[White "Baspofsky"]
[Black "Holgate"]
[Result "1-0"]
[WhiteElo "1910"]
[BlackElo "2005"]
[Opening "Grünfeld: Russian, Alekhine (Hungarian) variation"]
[ECO "D97"]
[Time "08:18:31"]
[TimeControl "2700+45"]

1. d4 Nf6 2. c4 g6 3. Nc3 d5 4. Nf3 Bg7 5. Qb3 dxc4 6. Qxc4 O-O 7. e4 a6 8. e5
b5 9. Qb3 Nfd7 10. Be3 c5 11. dxc5 Nxe5 12. Nxe5 Bxe5 13. Rd1 Qa5 14. Qd5 Bxc3+
15. bxc3 Ra7 16. Bd4 Nd7 17. Be2 e5 18. Bxe5 Nxe5 19. Qxe5 Bd7 20. O-O Re8 21.
Qd6 Rc7 22. Qb6 Qxb6 23. cxb6 Rxc3 24. Rxd7 {Black resigns} 1-0

[Event "Team 45 45 League T65"]
[Site "Internet Chess Club"]
[Date "2015.06.29"]
[Round "4"]
[White "hidemitsu"]
[Black "Regista"]
[Result "0-1"]
[WhiteElo "2218"]
[BlackElo "2228"]
[Opening "Caro-Kann: advance variation"]
[ECO "B12"]
[Time "16:03:35"]
[TimeControl "2700+45"]

1. e4 c6 2. d4 d5 3. e5 Bf5 4. Nf3 e6 5. Be2 Ne7 6. O-O Nd7 7. Nbd2 Nc8 8. c3
Be7 9. Ne1 O-O 10. f4 f6 11. Nc2 Bxc2 12. Qxc2 f5 13. Nf3 Kh8 14. Be3 c5 15. Kh1
Qc7 16. Rg1 Ncb6 17. g4 g6 18. Rg3 Nc4 19. Bxc4 dxc4 20. gxf5 Rxf5 21. Qe4 cxd4
22. Nxd4 Nc5 23. Qg2 Rf7 24. b4 cxb3 25. axb3 Qd7 26. b4 Nd3 27. Qe4 Nb2 28. Ne2
a6 29. Bc1 Nd1 30. Kg2 Rd8 31. Ra2 Qb5 32. Nd4 Qc4 33. Qe2 Qd5+ 34. Kh3 Nxc3 35.
Rxc3 Qxd4 36. Rc7 Rf5 37. Rxe7 Qg1 38. Qg2 Qxc1 39. Qxb7 Qf1+ 40. Qg2 Rd3+ 41.
Kh4 Qxf4+ 42. Qg4 Rh5# {White checkmated} 0-1

[Event "Team 45 45 League T65"]
[Site "Internet Chess Club"]
[Date "2015.06.24"]
[Round "4"]
[White "Pomberito"]
[Black "Epcot"]
[Result "0-1"]
[WhiteElo "2035"]
[BlackElo "2147"]
[Opening "QGD: Ragozin, Vienna variation"]
[ECO "D39"]
[Time "07:02:13"]
[TimeControl "2700+45"]

1. d4 Nf6 2. c4 e6 3. Nf3 d5 4. Nc3 dxc4 5. Bg5 Bb4 6. e4 h6 7. Bxf6 Qxf6 8. e5
Qd8 9. Qa4+ Nc6 10. Bxc4 Bd7 11. Qc2 Na5 12. Bd3 c5 13. dxc5 Rc8 14. a3 Bxc5 15.
O-O O-O 16. Rad1 Be7 17. Qe2 Qb6 18. Qe4 g6 19. Qf4 Kg7 20. Ne4 Ba4 21. Rd2 Nc4
22. Bxc4 Rxc4 23. Re1 Bc6 24. h4 Rc8 25. Rde2 Rxe4 26. Rxe4 Bxe4 27. Qxe4 Qxb2
28. h5 Rc1 29. hxg6 fxg6 30. a4 b6 31. Rxc1 Qxc1+ 32. Kh2 Qc7 33. Nd4 Qd7 34.
Qg4 Kf7 35. Qf4+ Kg7 36. Qg4 Bc5 37. Nxe6+ Kf7 38. Ng5+ Ke7 39. Qxd7+ Kxd7 40.
Nf7 Bxf2 41. Nxh6 Ke6 42. Kh3 a5 43. Kg4 b5 44. axb5 a4 45. Kf3 a3 46. Kxf2 a2
{White resigns} 0-1

[Event "Team 45 45 League T65"]
[Site "Internet Chess Club"]
[Date "2015.06.24"]
[Round "4"]
[White "RazorBladeTeddy"]
[Black "f5"]
[Result "0-1"]
[WhiteElo "1947"]
[BlackElo "2088"]
[Opening "Dutch"]
[ECO "A80"]
[Time "22:00:49"]
[TimeControl "2700+45"]

1. d4 f5 2. Nc3 d5 3. Bg5 g6 4. e3 Bg7 5. Qf3 c6 6. Qg3 Nd7 7. h4 Ndf6 8. h5
Nxh5 9. Rxh5 gxh5 10. Bf4 Kf8 11. Be2 Nf6 12. Be5 Qe8 13. Nh3 Be6 14. Nf4 Bf7
15. Qg5 Qd7 16. Bd3 Bg6 17. f3 Kf7 18. O-O-O Rag8 19. e4 fxe4 20. fxe4 Qg4 21.
Qxg4 hxg4 22. Rf1 dxe4 23. Bc4+ Ke8 24. Ne6 Bf7 25. Nc7+ Kf8 26. d5 h5 27. Bb3
Rh6 28. dxc6 bxc6 29. Ne6+ Bxe6 30. Bxe6 Rgh8 31. Nxe4 Ke8 32. Nc5 R6h7 33. Bc7
Bh6+ 34. Kb1 Kf8 35. Bd8 Bg5 36. Rf5 Rg7 37. Ba5 Rg6 38. Nd7+ Kg7 39. Ne5 h4 40.
Bf7 h3 41. gxh3 gxh3 42. Bxg6 h2 43. b4 h1=Q+ 44. Kb2 Bc1+ 45. Kb3 Rh3+ {White
resigns} 0-1

[Event "Team 45 45 League T65"]
[Site "Internet Chess Club"]
[Date "2015.06.29"]
[Round "4"]
[White "Intemperate"]
[Black "junard"]
[Result "1-0"]
[WhiteElo "2053"]
[BlackElo "1990"]
[Opening "Sicilian: Najdorf"]
[ECO "B90"]
[Time "08:12:56"]
[TimeControl "2700+45"]

1. e4 c5 2. Nf3 d6 3. d4 cxd4 4. Nxd4 Nf6 5. Nc3 a6 6. f3 e6 7. Be3 b5 8. g4 h6
9. Qd2 Bb7 10. O-O-O Nbd7 11. h4 b4 12. Na4 Qa5 13. b3 Nc5 14. a3 Nxa4 15. axb4
Qc7 16. bxa4 d5 17. e5 Nd7 18. f4 Nb6 19. Rh3 Nc4 20. Qc3 Rc8 21. Qb3 Be7 22.
Bf2 Rb8 23. c3 Bc8 24. Bxc4 dxc4 25. Qc2 Bb7 26. Re3 O-O 27. g5 hxg5 28. hxg5 g6
29. Nxe6 {Black resigns} 1-0